 Dungeon Crawl Stone Soup version 0.24.0-2-g5b39cebb1c (webtiles) character file.

Game seed: 1962529358717413703, levelgen mode: deterministic

410 Mrkan the Ruffian (level 6, -9/62 HPs)
             Began as a Troll Monk on Oct 30, 2019.
             Killed by nerve-wracking pain
             ... invoked by an orc priest
              (10 damage)
             ... on level 4 of the Dungeon.
             The game lasted 00:04:45 (2728 turns).

Mrkan the Ruffian (Troll Monk)                      Turns: 2728, Time: 00:04:45

Health: -9/62      AC:  7    Str: 20    XL:     6   Next: 58%
Magic:  5/5        EV:  6    Int:  8    God:
Gold:   219        SH: 13    Dex: 12    Spells: 5/5 levels left

rFire    . . .     SeeInvis .     - Unarmed
rCold    . . .     Gourm    +   g - +0 large shield (curse)
rNeg     . . .     Faith    .   a - +0 robe
rPois    .         Spirit   .   (helmet restricted)
rElec    .         Reflect  .   s - +0 cloak
rCorr    .         Harm     .   (gloves unavailable)
MR       .....                  (boots unavailable)
Stlth    ++........             (no amulet)
HPRegen  0.60/turn              (no ring)
MPRegen  0.09/turn              (no ring)

@: no status effects
A: large, unfitting armour, claws 3, fast metabolism 3, gourmand, regeneration
1, shaggy fur 1, tough skin 3
a: no special abilities


You were on level 4 of the Dungeon.
You were very full.

You visited 1 branch of the dungeon, and saw 4 of its levels.

You collected 219 gold pieces.

Inventory:

Armour
 a - a +0 robe (worn)
 g - a cursed +0 large shield (worn)
 s - a +0 cloak (worn)
Jewellery
 e - an uncursed amulet of magic regeneration {unknown}
 j - an uncursed ring of positive energy {unknown}
 n - an uncursed ring of positive energy {unknown}
Scrolls
 c - 2 scrolls of amnesia {unknown}
 f - 2 scrolls of enchant armour {unknown}
 h - 3 scrolls of enchant weapon {unknown}
 i - 2 scrolls of blinking {unknown}
 l - a scroll of fear {unknown}
 m - 2 scrolls of fog {unknown}
 o - a scroll of noise {unknown}
 p - 2 scrolls of teleportation {unknown}
 q - a scroll of remove curse {unknown}
 r - a scroll of identify {unknown}
Potions
 d - a potion of cancellation {unknown}
 k - 3 potions of haste {unknown}
Comestibles
 b - 4 rations


   Skills:
 + Level 3.7 Fighting
 - Level 2.4 Dodging
 - Level 1.0 Stealth
 + Level 2.4 Shields
 * Level 5.7 Unarmed Combat


You had 5 spell levels left.
You didn't know any spells.
Your spell library was empty.

Dungeon Overview and Level Annotations

Branches:
Dungeon (4/15)
 Temple: D:4-7

Altars:


Innate Abilities, Weirdness & Mutations

You are too large for most types of armour.
You have claws for hands.
Your metabolism is lightning-fast.
You like to eat raw meat.
Your natural rate of healing is unusually fast.
You are covered in fur. (AC +1)
You have extremely tough skin. (AC +3)


Message History

You block the orc priest's attack.
You scratch Menkaure but do no damage.
Menkaure is heavily damaged.
Menkaure barely misses you. You block the orc priest's attack.
You claw Menkaure!
You destroy Menkaure!
You hear an angry hiss.
The orc priest hits you but does no damage.
You hear a shout!
An iguana and an orc come into view.
The iguana hisses angrily.
The orc priest invokes the aid of Beogh against you.
Beogh smites you!
* * * LOW HITPOINT WARNING * * *
There is an open door here.
You barely miss the orc priest.
The orc priest is heavily wounded.
The orc priest invokes the aid of Beogh against you.
Pain shoots through your body!
You die...

....... ### ####.......
..# #..........
#.#######..........
#.#................
#.#........#.......
#†#...l.o..#.......
#.##)#........#.......
#...o@........#....S.. ..
####.#........#.......
..#####.##'#######......M
........##'## .......
............#
#...........#
#...........#
#.......##+##
#.........<#


You could see an iguana, an orc priest and an orc.

Vanquished Creatures
  Menkaure (D:4)
  An ogre (D:4)
  Crazy Yiuf (D:3)
  An orc priest (D:3)
  Terence (D:3)
  A worker ant zombie (D:3)
  4 adders
  2 worms (D:2)
  2 dart slugs
  4 orcs (D:3)
  3 giant cockroaches
  2 hobgoblins
  2 jackals (D:4)
  10 kobolds
  3 quokkas
  A ball python (D:1)
  2 bats (D:1)
  2 frilled lizards
  5 goblins
  5 rats
53 creatures vanquished.

Vanquished Creatures (others)
  An orc wizard (D:4)
1 creature vanquished.

Grand Total: 54 creatures vanquished

Notes
Turn   | Place    | Note
-------+----------+-------------------------------------------
     0 | D:1      | Mrkan the Troll Monk began the quest for the Orb.
     0 | D:1      | Reached XP level 1. HP: 22/22 MP: 0/0
   323 | D:1      | Reached XP level 2. HP: 26/29 MP: 1/1
   998 | D:2      | Reached XP level 3. HP: 32/36 MP: 2/2
  1362 | D:3      | Noticed Terence
  1381 | D:3      | Killed Terence
  1381 | D:3      | Reached skill level 1 in Shields
  1381 | D:3      | Reached skill level 4 in Unarmed Combat
  1381 | D:3      | Reached XP level 4. HP: 41/44 MP: 3/3
  1439 | D:3      | Found a runed translucent door.
  1440 | D:3      | Noticed Crazy Yiuf
  2017 | D:3      | Reached XP level 5. HP: 53/53 MP: 4/4
  2428 | D:3      | Killed Crazy Yiuf
  2539 | D:4      | Noticed an ogre
  2545 | D:4      | Killed an ogre
  2545 | D:4      | Reached skill level 5 in Unarmed Combat
  2694 | D:4      | Noticed Menkaure
  2710 | D:4      | Reached XP level 6. HP: 30/61 MP: 5/5
  2726 | D:4      | Killed Menkaure
  2727 | D:4      | HP: 1/62 [orc priest/divine providence (14)]
  2728 | D:4      | Killed from afar by an orc priest

Levels and vault maps discovered:
D:1:      dpeg_arrival_windows_large_door, layout_loops_cross
D:2:      layout_basic, hangedman_decor_clover_reticule, serial_park_tiny_1
D:3:      layout_loops_corners, serial_bayou_crossing, uniq_terence,
          uniq_crazy_yiuf_cottage
D:4:      layout_basic, lemuel_doored_altar, kennysheep_generic_room_2,
          uniq_menkaure

Skill      XL: |  1  2  3  4  5 |
---------------+----------------+-----
Shields        | 1 2 |  2.4
Unarmed Combat | 4 5 |  5.7
Fighting       | 3 |  3.7
Dodging        | |  2.4
Stealth        | |  1.0

Action                   |  1- 3 |  4- 6 || total
-------------------------+-------+-------++-------
Melee: Unarmed           |    90 |    68 ||   158
 Stab: Sleeping          |     3 |       ||     3
  Eat: Chunk             |    11 |    19 ||    30
Armor: Robe              |    31 |    20 ||    51
Dodge: Dodged            |    13 |     9 ||    22
Block: Large shield      |    37 |    36 ||    73
